3077 views
Uploaded 2019-12-07 18:51:56
Game version 1.32.0.3 / 1.32.0.3.1
53:27 long 2on2 ladder game on (6)GnollWood
Saved by BEARAND
3077 views
Uploaded 2019-12-07 18:51:56
Game version 1.32.0.3 / 1.32.0.3.1
53:27 long 2on2 ladder game on (6)GnollWood


90 units @ 10.3k
/ 1.4k
235 buildings @ 15.1k
/ 9.1k



x1)
| Staff of Sanctuary | 4 | 1000 |
| Staff of Teleportation | 3 | 450 |
| Boots of Speed | 3 | 750 |
| Tome of Retraining | 1 | 300 |
| Periapt of Vitality | 1 | 325 |
| Circlet of Nobility | 1 | 175 |
| Healing Salve | 2 | 200 |
| Orb of Lightning | 5 | 1875 |
| total: | 20 | 5075g |
| Peasant | 30 | 2250 | / | 0 |
| Priest | 3 | 405 | / | 30 |
| Dragonhawk Rider | 6 | 1200 | / | 180 |
| total: | 39 | 3855g | / | 210w |
| Scout Tower | 150 | 4500 | / | 3000 |
| Arcane Tower | 14 | 980 | / | 700 |
| Guard Tower | 86 | 6020 | / | 4300 |
| Altar of Kings | 1 | 180 | / | 50 |
| Farm | 5 | 400 | / | 100 |
| Lumber Mill | 2 | 240 | / | 0 |
| Arcane Vault | 3 | 390 | / | 90 |
| Town Hall | 1 | 385 | / | 205 |
| Blacksmith | 1 | 140 | / | 60 |
| Barracks | 1 | 160 | / | 60 |
| Arcane Sanctum | 1 | 150 | / | 140 |
| Gryphon Aviary | 1 | 140 | / | 150 |
| Keep | 1 | 320 | / | 210 |
| Castle | 1 | 360 | / | 210 |
| total: | 166 | 6685g | / | 3855w |
| 0:02 | Peasant |
| 0:02 | Peasant |
| 0:07 | Altar of Kings |
| 0:13 | Peasant |
| 0:19 | Farm |
| 0:29 | Farm |
| 0:45 | Peasant |
| 0:50 | Peasant |
| 1:00 | Scout Tower |
| 1:04 | Lumber Mill |
| 1:20 | Peasant |
| 1:24 | Peasant |
| 1:34 | Arcane Tower |
| 1:37 | Scout Tower |
| 1:46 | Peasant |
| 1:53 | Scout Tower |
| 1:57 | Peasant |
| 2:11 | Summon Water Elemental |
| 2:31 | Peasant |
| 2:31 | Peasant |
| 2:31 | Peasant |
| 2:31 | Peasant |
| 2:42 | Guard Tower |
| 2:43 | Guard Tower |
| 2:44 | Scout Tower |
| 2:44 | Scout Tower |
| 2:45 | Scout Tower |
| 2:45 | Scout Tower |
| 2:46 | Peasant |
| 3:10 | Guard Tower |
| 3:30 | Improved Masonry |
| 3:37 | Brilliance Aura |
| 3:37 | Guard Tower |
| 3:47 | Keep |
| 3:52 | Staff of Teleportation |
| 4:05 | Boots of Speed |
| 4:26 | Guard Tower |
| 4:28 | Scout Tower |
| 4:28 | Scout Tower |
| 4:28 | Scout Tower |
| 4:29 | Scout Tower |
| 4:29 | Scout Tower |
| 4:29 | Scout Tower |
| 4:30 | Scout Tower |
| 4:57 | Guard Tower |
| 5:03 | Farm |
| 5:03 | Farm |
| 5:50 | Arcane Vault |
| 6:04 | Guard Tower |
| 6:15 | Advanced Masonry |
| 6:17 | Scout Tower |
| 6:34 | Guard Tower |
| 6:35 | Scout Tower |
| 6:36 | Scout Tower |
| 6:36 | Scout Tower |
| 6:37 | Scout Tower |
| 6:37 | Scout Tower |
| 6:57 | Guard Tower |
| 7:02 | Healing Salve |
| 7:42 | Storm Bolt |
| 8:06 | Guard Tower |
| 8:06 | Guard Tower |
| 8:07 | Castle |
| 9:02 | Town Hall |
| 9:08 | Scout Tower |
| 9:09 | Scout Tower |
| 9:09 | Scout Tower |
| 9:09 | Scout Tower |
| 9:10 | Scout Tower |
| 9:10 | Scout Tower |
| 9:11 | Scout Tower |
| 9:12 | Scout Tower |
| 9:12 | Scout Tower |
| 9:12 | Scout Tower |
| 9:13 | Scout Tower |
| 9:14 | Scout Tower |
| 9:14 | Scout Tower |
| 9:15 | Scout Tower |
| 9:16 | Scout Tower |
| 9:16 | Scout Tower |
| 9:20 | Scout Tower |
| 9:40 | Guard Tower |
| 10:02 | Arcane Sanctum |
| 10:04 | Guard Tower |
| 10:05 | Guard Tower |
| 10:06 | Guard Tower |
| 10:18 | Guard Tower |
| 10:32 | Guard Tower |
| 10:41 | Guard Tower |
| 10:56 | Scout Tower |
| 11:08 | Guard Tower |
| 11:08 | Guard Tower |
| 11:17 | Guard Tower |
| 11:22 | Magic Sentry |
| 11:24 | Guard Tower |
| 11:57 | Tome of Retraining |
| 11:57 | Retrain Hero |
| 11:59 | Boots of Speed |
| 12:00 | Staff of Teleportation |
| 12:08 | Peasant |
| 12:08 | Peasant |
| 12:10 | Blizzard |
| 12:10 | Brilliance Aura |
| 12:28 | Holy Light |
| 12:30 | Arcane Vault |
| 12:39 | Scout Tower |
| 12:41 | Scout Tower |
| 12:41 | Scout Tower |
| 12:53 | Healing Salve |
| 12:56 | Peasant |
| 12:56 | Peasant |
| 12:56 | Peasant |
| 13:02 | Peasant |
| 13:03 | Scout Tower |
| 13:04 | Scout Tower |
| 13:06 | Scout Tower |
| 13:06 | Scout Tower |
| 13:07 | Scout Tower |
| 13:07 | Scout Tower |
| 13:31 | Guard Tower |
| 13:31 | Guard Tower |
| 13:35 | Guard Tower |
| 13:36 | Guard Tower |
| 13:41 | Staff of Sanctuary |
| 13:47 | Staff of Teleportation |
| 14:00 | Scout Tower |
| 14:03 | Scout Tower |
| 14:04 | Guard Tower |
| 14:06 | Scout Tower |
| 14:06 | Scout Tower |
| 14:10 | Imbued Masonry |
| 14:17 | Scout Tower |
| 14:18 | Scout Tower |
| 14:18 | Scout Tower |
| 14:19 | Scout Tower |
| 14:20 | Scout Tower |
| 14:22 | Guard Tower |
| 14:27 | Arcane Vault |
| 14:27 | Guard Tower |
| 14:29 | Scout Tower |
| 14:30 | Scout Tower |
| 14:30 | Guard Tower |
| 14:52 | Blizzard |
| 14:55 | Guard Tower |
| 14:58 | Scout Tower |
| 14:59 | Scout Tower |
| 14:59 | Scout Tower |
| 15:00 | Guard Tower |
| 15:03 | Priest |
| 15:23 | Blizzard |
| 15:24 | Arcane Tower |
| 15:24 | Arcane Tower |
| 15:28 | Arcane Tower |
| 15:29 | Arcane Tower |
| 15:35 | Staff of Sanctuary |
| 15:43 | Staff of Sanctuary |
| 15:43 | Staff of Sanctuary |
| 16:19 | Bash |
| 16:23 | Guard Tower |
| 16:36 | Gryphon Aviary |
| 16:37 | Blacksmith |
| 16:46 | Scout Tower |
| 16:47 | Scout Tower |
| 16:48 | Scout Tower |
| 16:48 | Scout Tower |
| 16:49 | Scout Tower |
| 17:08 | Scout Tower |
| 17:09 | Scout Tower |
| 17:24 | Peasant |
| 17:24 | Peasant |
| 17:24 | Peasant |
| 17:26 | Peasant |
| 17:27 | Improved Lumber Harvesting |
| 17:30 | Orb of Lightning |
| 17:37 | Arcane Tower |
| 17:40 | Scout Tower |
| 17:45 | Peasant |
| 17:54 | Arcane Tower |
| 17:56 | Arcane Tower |
| 18:06 | Scout Tower |
| 18:07 | Scout Tower |
| 18:10 | Guard Tower |
| 18:12 | Scout Tower |
| 18:13 | Scout Tower |
| 18:22 | Guard Tower |
| 18:24 | Scout Tower |
| 18:50 | Scout Tower |
| 18:51 | Scout Tower |
| 18:51 | Scout Tower |
| 18:52 | Scout Tower |
| 18:53 | Dragonhawk Rider |
| 18:54 | Dragonhawk Rider |
| 18:56 | Guard Tower |
| 19:28 | Arcane Tower |
| 19:29 | Farm |
| 19:47 | Guard Tower |
| 19:51 | Barracks |
| 19:53 | Guard Tower |
| 20:33 | Iron Forged Swords |
| 20:33 | Studded Leather Armor |
| 21:05 | Arcane Tower |
| 21:05 | Arcane Tower |
| 21:51 | Scout Tower |
| 21:52 | Scout Tower |
| 21:53 | Scout Tower |
| 21:54 | Scout Tower |
| 21:54 | Scout Tower |
| 21:57 | Guard Tower |
| 22:22 | Scout Tower |
| 22:22 | Scout Tower |
| 22:23 | Scout Tower |
| 22:26 | Guard Tower |
| 22:30 | Scout Tower |
| 22:30 | Scout Tower |
| 22:31 | Scout Tower |
| 22:39 | Steel Forged Swords |
| 22:39 | Reinforced Leather Armor |
| 22:52 | Guard Tower |
| 23:07 | Animal War Training |
| 23:16 | Dragonhawk Rider |
| 23:33 | Guard Tower |
| 23:35 | Guard Tower |
| 23:38 | Scout Tower |
| 23:38 | Scout Tower |
| 23:39 | Scout Tower |
| 23:55 | Guard Tower |
| 23:55 | Guard Tower |
| 23:56 | Guard Tower |
| 23:59 | Scout Tower |
| 24:00 | Scout Tower |
| 24:13 | Guard Tower |
| 24:14 | Guard Tower |
| 24:17 | Scout Tower |
| 24:18 | Scout Tower |
| 24:18 | Scout Tower |
| 24:25 | Guard Tower |
| 24:28 | Scout Tower |
| 24:29 | Scout Tower |
| 24:29 | Scout Tower |
| 24:29 | Scout Tower |
| 24:30 | Scout Tower |
| 24:30 | Scout Tower |
| 24:32 | Guard Tower |
| 24:36 | Lumber Mill |
| 24:53 | Boots of Speed |
| 24:57 | Periapt of Vitality |
| 25:00 | Circlet of Nobility |
| 25:07 | Guard Tower |
| 26:15 | Storm Bolt |
| 26:18 | Scout Tower |
| 26:18 | Scout Tower |
| 26:24 | Orb of Lightning |
| 26:24 | Orb of Lightning |
| 26:32 | Guard Tower |
| 26:38 | Priest |
| 26:47 | Guard Tower |
| 26:49 | Guard Tower |
| 26:51 | Scout Tower |
| 26:53 | Scout Tower |
| 26:53 | Scout Tower |
| 26:54 | Scout Tower |
| 26:54 | Scout Tower |
| 27:14 | Guard Tower |
| 27:15 | Scout Tower |
| 27:16 | Scout Tower |
| 27:57 | Guard Tower |
| 27:58 | Scout Tower |
| 32:02 | Scout Tower |
| 32:02 | Scout Tower |
| 32:14 | Guard Tower |
| 32:33 | Scout Tower |
| 32:33 | Scout Tower |
| 32:33 | Scout Tower |
| 32:35 | Guard Tower |
| 33:02 | Guard Tower |
| 33:35 | Guard Tower |
| 33:51 | Scout Tower |
| 33:51 | Scout Tower |
| 33:52 | Scout Tower |
| 34:04 | Scout Tower |
| 34:05 | Scout Tower |
| 34:09 | Scout Tower |
| 34:47 | Divine Shield |
| 34:52 | Guard Tower |
| 35:09 | Scout Tower |
| 35:16 | Orb of Lightning |
| 35:16 | Orb of Lightning |
| 35:31 | Scout Tower |
| 36:04 | Guard Tower |
| 36:06 | Scout Tower |
| 36:07 | Scout Tower |
| 37:14 | Guard Tower |
| 37:19 | Scout Tower |
| 37:20 | Scout Tower |
| 37:20 | Scout Tower |
| 37:21 | Scout Tower |
| 37:21 | Scout Tower |
| 37:22 | Scout Tower |
| 37:22 | Scout Tower |
| 37:23 | Scout Tower |
| 40:54 | Guard Tower |
| 41:01 | Cloud |
| 41:03 | Mithril Forged Swords |
| 41:03 | Dragonhide Armor |
| 41:06 | Peasant |
| 41:07 | Peasant |
| 41:58 | Bash |
| 42:02 | Brilliance Aura |
| 42:29 | Holy Light |
| 44:11 | Dragonhawk Rider |
| 44:11 | Dragonhawk Rider |
| 44:15 | Priest Adept Training |
| 44:16 | Priest |
| 45:46 | Priest Master Training |
| 45:48 | Dragonhawk Rider |
| 46:30 | Scout Tower |
| 46:30 | Scout Tower |
| 46:32 | Scout Tower |
| 46:32 | Scout Tower |
| 46:33 | Scout Tower |
| 46:38 | Scout Tower |
| 46:39 | Scout Tower |
| 48:16 | Guard Tower |
| 49:34 | Peasant |
| 49:34 | Peasant |
| 49:34 | Peasant |
| 49:36 | Scout Tower |
| 49:37 | Scout Tower |
| 49:37 | Scout Tower |
| 49:38 | Scout Tower |
| 50:04 | Divine Shield |
| 50:16 | Guard Tower |
| 50:39 | Scout Tower |
| 50:40 | Scout Tower |
| 50:41 | Scout Tower |
| 51:23 | Storm Bolt |
| 51:30 | Guard Tower |
| 51:33 | Guard Tower |
| 52:12 | Guard Tower |
| Right click | 5861 |
| Select | 1341 |
| Select group | 775 |
| Build/train/purchase | 366 |
| Use ability | 262 |
| Chat | 79 |
| Assign group | 31 |
| Misc. action | 21 |
| Resource trade | 16 |
| Minimap ping | 11 |
| Item give/drop | 7 |
| Remove unit | 3 |
TIMG4STRok
(53:22) : 

| Healing Salve | 8 | 800 |
| Lesser Clarity Potion | 23 | 1610 |
| Orb of Lightning | 2 | 750 |
| Potion of Mana | 2 | 400 |
| Potion of Healing | 1 | 150 |
| Tiny Great Hall | 1 | 600 |
| Circlet of Nobility | 1 | 175 |
| Staff of Teleportation | 2 | 300 |
| Boots of Speed | 2 | 500 |
| Staff of Sanctuary | 2 | 500 |
| total: | 44 | 5785g |
| Peon | 20 | 1500 | / | 0 |
| Troll Batrider | 31 | 4960 | / | 1240 |
| total: | 51 | 6460g | / | 1240w |
| Watch Tower | 57 | 6270 | / | 4560 |
| Altar of Storms | 2 | 360 | / | 100 |
| Orc Burrow | 3 | 480 | / | 120 |
| Voodoo Lounge | 4 | 520 | / | 120 |
| War Mill | 1 | 205 | / | 0 |
| Great Hall | 1 | 385 | / | 185 |
| Beastiary | 1 | 145 | / | 140 |
| Stronghold | 1 | 315 | / | 190 |
| Fortress | 1 | 325 | / | 190 |
| total: | 69 | 8365g | / | 5225w |
| 0:03 | Altar of Storms |
| 0:04 | Peon |
| 0:04 | Peon |
| 0:07 | Orc Burrow |
| 0:17 | Peon |
| 0:23 | Peon |
| 0:43 | Voodoo Lounge |
| 0:50 | Peon |
| 1:11 | War Mill |
| 1:15 | Peon |
| 1:24 | Peon |
| 1:34 | Peon |
| 1:49 | Orc Burrow |
| 1:51 | Peon |
| 2:04 | Healing Salve |
| 2:05 | Lesser Clarity Potion |
| 2:07 | Wind Walk |
| 2:11 | Peon |
| 2:30 | Watch Tower |
| 2:35 | Peon |
| 2:37 | Peon |
| 3:11 | Circlet of Nobility |
| 3:17 | Stronghold |
| 3:20 | Watch Tower |
| 3:51 | Staff of Teleportation |
| 3:58 | Boots of Speed |
| 4:01 | Spiked Barricades |
| 4:20 | Watch Tower |
| 4:55 | Lesser Clarity Potion |
| 5:01 | Watch Tower |
| 5:06 | Voodoo Lounge |
| 5:09 | Voodoo Lounge |
| 5:16 | Watch Tower |
| 5:17 | Watch Tower |
| 6:26 | Watch Tower |
| 6:27 | Watch Tower |
| 6:45 | Critical Strike |
| 6:54 | Hex |
| 6:58 | Lesser Clarity Potion |
| 6:58 | Healing Salve |
| 7:34 | Fortress |
| 7:41 | Orc Burrow |
| 8:06 | Watch Tower |
| 8:07 | Watch Tower |
| 8:26 | Beastiary |
| 9:23 | Lesser Clarity Potion |
| 9:35 | Staff of Teleportation |
| 9:35 | Boots of Speed |
| 10:17 | Healing Salve |
| 10:18 | Orb of Lightning |
| 10:23 | Lesser Clarity Potion |
| 11:18 | Wind Walk |
| 11:46 | Troll Batrider |
| 11:46 | Troll Batrider |
| 11:52 | Lesser Clarity Potion |
| 11:57 | Lesser Clarity Potion |
| 11:59 | Healing Salve |
| 12:25 | Healing Wave |
| 12:52 | Watch Tower |
| 12:53 | Watch Tower |
| 13:02 | Staff of Sanctuary |
| 13:04 | Orb of Lightning |
| 13:24 | Voodoo Lounge |
| 13:28 | Watch Tower |
| 13:38 | Watch Tower |
| 13:38 | Watch Tower |
| 14:55 | Troll Batrider |
| 14:55 | Troll Batrider |
| 15:01 | Watch Tower |
| 15:08 | Watch Tower |
| 15:33 | Watch Tower |
| 15:53 | Lesser Clarity Potion |
| 15:57 | Staff of Sanctuary |
| 16:09 | Watch Tower |
| 16:42 | Watch Tower |
| 16:52 | Troll Batrider |
| 16:53 | Troll Batrider |
| 16:54 | Reinforced Defenses |
| 17:13 | Watch Tower |
| 17:48 | Watch Tower |
| 18:37 | Peon |
| 18:37 | Peon |
| 18:41 | Healing Wave |
| 19:15 | Great Hall |
| 19:17 | Watch Tower |
| 19:32 | Watch Tower |
| 19:50 | Critical Strike |
| 20:01 | Watch Tower |
| 20:25 | Lesser Clarity Potion |
| 20:26 | Healing Salve |
| 20:37 | Watch Tower |
| 21:04 | Watch Tower |
| 21:11 | Watch Tower |
| 21:12 | Watch Tower |
| 21:58 | Watch Tower |
| 21:59 | Watch Tower |
| 21:59 | Peon |
| 22:00 | Peon |
| 22:00 | Peon |
| 22:01 | Peon |
| 22:28 | Lesser Clarity Potion |
| 22:35 | Watch Tower |
| 22:36 | Watch Tower |
| 22:37 | Watch Tower |
| 22:39 | Watch Tower |
| 23:05 | Watch Tower |
| 23:25 | Watch Tower |
| 23:47 | Peon |
| 23:49 | Peon |
| 24:30 | Watch Tower |
| 24:40 | Watch Tower |
| 24:41 | Watch Tower |
| 24:44 | Watch Tower |
| 24:45 | Watch Tower |
| 25:29 | Hex |
| 26:11 | Critical Strike |
| 26:29 | Watch Tower |
| 26:33 | Watch Tower |
| 26:33 | Watch Tower |
| 26:34 | Watch Tower |
| 26:37 | Watch Tower |
| 26:40 | Watch Tower |
| 26:42 | Watch Tower |
| 26:47 | Watch Tower |
| 26:47 | Watch Tower |
| 27:15 | Improved Spiked Barricades |
| 28:08 | Watch Tower |
| 29:15 | Watch Tower |
| 29:50 | Liquid Fire |
| 29:50 | Troll Batrider |
| 29:50 | Troll Batrider |
| 30:52 | Healing Salve |
| 31:10 | Steel Ranged Weapons |
| 31:49 | Lesser Clarity Potion |
| 31:55 | Lesser Clarity Potion |
| 32:17 | Thorium Ranged Weapons |
| 33:08 | Troll Batrider |
| 33:08 | Troll Batrider |
| 33:08 | Troll Batrider |
| 33:08 | Troll Batrider |
| 33:08 | Troll Batrider |
| 33:37 | Hex |
| 35:02 | Watch Tower |
| 35:03 | Watch Tower |
| 35:04 | Watch Tower |
| 35:04 | Watch Tower |
| 35:11 | Lesser Clarity Potion |
| 35:16 | Lesser Clarity Potion |
| 35:35 | Troll Batrider |
| 35:35 | Troll Batrider |
| 35:35 | Troll Batrider |
| 35:36 | Troll Batrider |
| 35:36 | Troll Batrider |
| 35:36 | Troll Batrider |
| 35:36 | Troll Batrider |
| 35:36 | Troll Batrider |
| 35:37 | Arcanite Ranged Weapons |
| 35:38 | Steel Armor |
| 37:05 | Lesser Clarity Potion |
| 39:15 | Lesser Clarity Potion |
| 40:35 | Potion of Mana |
| 40:45 | Bladestorm |
| 41:06 | Lesser Clarity Potion |
| 41:08 | Potion of Mana |
| 41:10 | Potion of Healing |
| 41:37 | Brilliance Aura |
| 41:47 | Thorium Armor |
| 42:19 | Altar of Storms |
| 42:54 | Troll Batrider |
| 42:54 | Troll Batrider |
| 42:54 | Troll Batrider |
| 42:54 | Troll Batrider |
| 42:55 | Troll Batrider |
| 42:55 | Troll Batrider |
| 43:01 | Lesser Clarity Potion |
| 44:52 | Lesser Clarity Potion |
| 46:33 | Troll Batrider |
| 46:33 | Troll Batrider |
| 46:33 | Troll Batrider |
| 46:33 | Troll Batrider |
| 49:32 | Lesser Clarity Potion |
| 49:33 | Tiny Great Hall |
| 49:33 | Healing Salve |
| 49:36 | Healing Salve |
| 49:51 | Lesser Clarity Potion |
| 51:38 | Lesser Clarity Potion |
| 51:41 | Lesser Clarity Potion |
| 53:02 | Big Bad Voodoo |
| 53:10 | Big Bad Voodoo |
| Right click | 4984 |
| Select group | 2517 |
| Select | 368 |
| Build/train/purchase | 250 |
| Use ability | 234 |
| Chat | 97 |
| Minimap ping | 42 |
| Misc. action | 35 |
| Assign group | 26 |
| Item give/drop | 22 |
| Resource trade | 19 |
| Esc | 8 |
148 units @ 22k
/ 4.8k
85 buildings @ 8.7k
/ 4k


| Orb of Fire | 1 | 325 |
| Scroll of Regeneration | 7 | 700 |
| Potion of Healing | 4 | 600 |
| Scroll of Town Portal | 1 | 350 |
| total: | 13 | 1975g |
| Peasant | 22 | 1650 | / | 0 |
| Rifleman | 8 | 1640 | / | 240 |
| Mortar Team | 40 | 7200 | / | 2800 |
| total: | 70 | 10490g | / | 3040w |
| Scout Tower | 29 | 870 | / | 580 |
| Arcane Tower | 7 | 490 | / | 350 |
| Guard Tower | 20 | 1400 | / | 1000 |
| Altar of Kings | 1 | 180 | / | 50 |
| Blacksmith | 1 | 140 | / | 60 |
| Barracks | 1 | 160 | / | 60 |
| Farm | 13 | 1040 | / | 260 |
| Lumber Mill | 1 | 120 | / | 0 |
| Arcane Vault | 3 | 390 | / | 90 |
| Town Hall | 1 | 385 | / | 205 |
| Workshop | 2 | 280 | / | 280 |
| Arcane Sanctum | 1 | 150 | / | 140 |
| Keep | 2 | 640 | / | 420 |
| Castle | 1 | 360 | / | 210 |
| total: | 53 | 3715g | / | 1725w |
| 0:03 | Peasant |
| 0:15 | Peasant |
| 0:27 | Peasant |
| 0:34 | Peasant |
| 0:47 | Altar of Kings |
| 0:50 | Blacksmith |
| 0:55 | Barracks |
| 0:58 | Peasant |
| 1:04 | Peasant |
| 1:09 | Farm |
| 1:17 | Peasant |
| 1:25 | Peasant |
| 1:32 | Farm |
| 1:41 | Peasant |
| 2:09 | Rifleman |
| 2:09 | Rifleman |
| 2:13 | Farm |
| 2:27 | Lumber Mill |
| 2:46 | Arcane Vault |
| 2:49 | Storm Bolt |
| 2:52 | Rifleman |
| 3:02 | Farm |
| 3:25 | Rifleman |
| 3:51 | Keep |
| 4:07 | Farm |
| 4:32 | Rifleman |
| 4:58 | Scout Tower |
| 5:02 | Scout Tower |
| 5:06 | Rifleman |
| 5:44 | Bash |
| 6:02 | Arcane Tower |
| 6:24 | Castle |
| 6:25 | Arcane Tower |
| 7:06 | Workshop |
| 7:09 | Workshop |
| 7:12 | Long Rifles |
| 7:27 | Black Gunpowder |
| 7:35 | Rifleman |
| 8:12 | Farm |
| 8:26 | Farm |
| 8:49 | Studded Leather Armor |
| 8:52 | Peasant |
| 8:52 | Peasant |
| 8:55 | Fragmentation Shards |
| 8:58 | Improved Lumber Harvesting |
| 9:01 | Storm Bolt |
| 9:15 | Farm |
| 9:22 | Orb of Fire |
| 9:22 | Scroll of Regeneration |
| 9:25 | Scroll of Town Portal |
| 9:42 | Mortar Team |
| 9:42 | Mortar Team |
| 10:19 | Mortar Team |
| 10:20 | Mortar Team |
| 11:28 | Mortar Team |
| 11:29 | Mortar Team |
| 11:29 | Mortar Team |
| 12:32 | Mortar Team |
| 12:33 | Mortar Team |
| 13:31 | Farm |
| 13:32 | Farm |
| 14:06 | Mortar Team |
| 14:20 | Refined Gunpowder |
| 14:54 | Scroll of Regeneration |
| 14:55 | Scroll of Regeneration |
| 15:37 | Bash |
| 15:57 | Holy Light |
| 16:27 | Imbued Gunpowder |
| 16:28 | Mortar Team |
| 16:28 | Mortar Team |
| 16:48 | Mortar Team |
| 17:57 | Arcane Sanctum |
| 18:07 | Divine Shield |
| 18:15 | Town Hall |
| 18:21 | Scout Tower |
| 18:22 | Scout Tower |
| 18:23 | Scout Tower |
| 18:33 | Mortar Team |
| 18:33 | Mortar Team |
| 18:55 | Farm |
| 19:30 | Arcane Tower |
| 19:31 | Guard Tower |
| 20:27 | Mortar Team |
| 20:27 | Mortar Team |
| 20:28 | Mortar Team |
| 20:46 | Improved Masonry |
| 21:14 | Magic Sentry |
| 22:36 | Mortar Team |
| 22:37 | Peasant |
| 22:37 | Peasant |
| 22:37 | Peasant |
| 22:52 | Rifleman |
| 22:55 | Mortar Team |
| 22:55 | Mortar Team |
| 23:13 | Mortar Team |
| 23:26 | Peasant |
| 23:26 | Peasant |
| 23:27 | Peasant |
| 23:40 | Peasant |
| 23:40 | Peasant |
| 23:58 | Peasant |
| 23:58 | Peasant |
| 24:22 | Peasant |
| 24:42 | Scout Tower |
| 24:43 | Scout Tower |
| 24:43 | Scout Tower |
| 24:44 | Scout Tower |
| 24:50 | Scout Tower |
| 25:56 | Guard Tower |
| 25:57 | Arcane Tower |
| 25:58 | Arcane Tower |
| 25:59 | Guard Tower |
| 26:20 | Scout Tower |
| 26:23 | Scout Tower |
| 26:26 | Scout Tower |
| 26:28 | Scout Tower |
| 26:32 | Scout Tower |
| 26:37 | Advanced Masonry |
| 26:39 | Mortar Team |
| 26:39 | Mortar Team |
| 26:39 | Mortar Team |
| 26:57 | Guard Tower |
| 27:06 | Guard Tower |
| 27:29 | Scout Tower |
| 27:31 | Scout Tower |
| 27:35 | Farm |
| 27:36 | Farm |
| 27:41 | Scout Tower |
| 28:09 | Arcane Tower |
| 28:41 | Mortar Team |
| 28:41 | Mortar Team |
| 30:21 | Arcane Vault |
| 30:46 | Arcane Vault |
| 32:00 | Potion of Healing |
| 32:02 | Scroll of Regeneration |
| 32:28 | Scout Tower |
| 32:36 | Scout Tower |
| 32:38 | Scout Tower |
| 32:44 | Guard Tower |
| 33:02 | Scroll of Regeneration |
| 33:12 | Guard Tower |
| 33:48 | Guard Tower |
| 36:20 | Reinforced Leather Armor |
| 36:22 | Mortar Team |
| 36:22 | Mortar Team |
| 36:28 | Scroll of Regeneration |
| 36:39 | Scout Tower |
| 36:39 | Scout Tower |
| 36:41 | Scout Tower |
| 39:16 | Mortar Team |
| 39:16 | Mortar Team |
| 39:30 | Flare |
| 40:24 | Potion of Healing |
| 40:25 | Potion of Healing |
| 43:09 | Mortar Team |
| 43:09 | Mortar Team |
| 43:40 | Scroll of Regeneration |
| 43:40 | Potion of Healing |
| 43:50 | Mortar Team |
| 43:51 | Mortar Team |
| 44:16 | Scout Tower |
| 44:24 | Scout Tower |
| 44:35 | Mortar Team |
| 44:36 | Mortar Team |
| 45:08 | Scout Tower |
| 46:19 | Guard Tower |
| 46:50 | Dragonhide Armor |
| 48:19 | Imbued Masonry |
| 49:29 | Mortar Team |
| 49:29 | Mortar Team |
| 49:29 | Mortar Team |
| 50:20 | Scout Tower |
| 50:29 | Guard Tower |
| 52:14 | Guard Tower |
| 52:33 | Scout Tower |
| Right click | 2983 |
| Select | 1368 |
| Misc. action | 358 |
| Build/train/purchase | 211 |
| Use ability | 97 |
| Chat | 16 |
| Remove unit | 3 |
| Minimap ping | 3 |


| Rod of Necromancy | 2 | 300 |
| Potion of Healing | 4 | 600 |
| Potion of Mana | 1 | 200 |
| Orb of Corruption | 2 | 750 |
| Dust of Appearance | 2 | 150 |
| Scroll of Town Portal | 1 | 350 |
| Potion of Lesser Invulnerability | 1 | 150 |
| Periapt of Vitality | 1 | 325 |
| Circlet of Nobility | 1 | 175 |
| Orb of Fire | 3 | 975 |
| total: | 18 | 3975g |
| Acolyte | 39 | 2925 | / | 0 |
| Ghoul | 8 | 960 | / | 0 |
| Crypt Fiend | 5 | 1075 | / | 200 |
| Obsidian Statue | 5 | 1000 | / | 175 |
| Frost Wyrm | 6 | 2310 | / | 720 |
| Meat Wagon | 10 | 2300 | / | 500 |
| Necromancer | 3 | 435 | / | 60 |
| Abomination | 2 | 480 | / | 140 |
| total: | 78 | 11485g | / | 1795w |
| Nerubian Tower | 4 | 400 | / | 80 |
| Spirit Tower | 12 | 1740 | / | 480 |
| Altar of Darkness | 1 | 180 | / | 50 |
| Crypt | 1 | 200 | / | 50 |
| Ziggurat | 18 | 2700 | / | 900 |
| Tomb of Relics | 1 | 130 | / | 30 |
| Graveyard | 1 | 215 | / | 0 |
| Necropolis | 2 | 450 | / | 0 |
| Slaughterhouse | 3 | 420 | / | 405 |
| Sacrificial Pit | 1 | 75 | / | 150 |
| Temple of the Damned | 2 | 310 | / | 280 |
| Boneyard | 2 | 350 | / | 400 |
| Halls of the Dead | 1 | 320 | / | 210 |
| Black Citadel | 1 | 325 | / | 230 |
| total: | 32 | 5030g | / | 2265w |
| 0:05 | Acolyte |
| 0:09 | Altar of Darkness |
| 0:12 | Crypt |
| 0:26 | Ziggurat |
| 0:35 | Acolyte |
| 0:57 | Tomb of Relics |
| 1:21 | Ghoul |
| 1:21 | Ghoul |
| 1:33 | Ziggurat |
| 2:02 | Graveyard |
| 2:22 | Rod of Necromancy |
| 2:33 | Death Coil |
| 3:00 | Halls of the Dead |
| 3:23 | Crypt Fiend |
| 3:27 | Ziggurat |
| 3:43 | Crypt Fiend |
| 4:04 | Crypt Fiend |
| 4:31 | Nerubian Tower |
| 4:52 | Nerubian Tower |
| 5:06 | Creature Attack |
| 5:36 | Slaughterhouse |
| 6:30 | Potion of Healing |
| 6:30 | Potion of Healing |
| 6:30 | Rod of Necromancy |
| 6:34 | Dust of Appearance |
| 6:53 | Obsidian Statue |
| 7:08 | Frost Nova |
| 7:38 | Crypt Fiend |
| 7:53 | Sacrificial Pit |
| 7:55 | Acolyte |
| 8:34 | Black Citadel |
| 8:37 | Unholy Aura |
| 9:07 | Crypt Fiend |
| 9:11 | Ziggurat |
| 9:27 | Potion of Mana |
| 11:18 | Obsidian Statue |
| 11:22 | Ghoul |
| 11:22 | Ghoul |
| 11:25 | Boneyard |
| 11:36 | Acolyte |
| 12:00 | Frost Armor |
| 12:45 | Freezing Breath |
| 12:52 | Unholy Strength |
| 12:54 | Ghoul |
| 13:15 | Orb of Corruption |
| 13:15 | Potion of Healing |
| 13:19 | Dust of Appearance |
| 13:29 | Boneyard |
| 14:00 | Frost Wyrm |
| 14:03 | Creature Carapace |
| 14:11 | Obsidian Statue |
| 14:18 | Death Coil |
| 14:22 | Potion of Lesser Invulnerability |
| 14:59 | Acolyte |
| 14:59 | Acolyte |
| 15:04 | Ziggurat |
| 15:57 | Acolyte |
| 16:05 | Frost Wyrm |
| 16:06 | Frost Wyrm |
| 16:43 | Necropolis |
| 17:39 | Spirit Tower |
| 18:46 | Ziggurat |
| 18:48 | Ziggurat |
| 18:53 | Acolyte |
| 18:53 | Acolyte |
| 19:19 | Acolyte |
| 19:19 | Acolyte |
| 19:50 | Spirit Tower |
| 19:53 | Acolyte |
| 19:56 | Spirit Tower |
| 20:27 | Ziggurat |
| 20:31 | Meat Wagon |
| 20:54 | Acolyte |
| 20:56 | Improved Creature Attack |
| 21:11 | Meat Wagon |
| 21:19 | Ziggurat |
| 21:51 | Meat Wagon |
| 21:51 | Meat Wagon |
| 23:22 | Acolyte |
| 23:22 | Acolyte |
| 23:22 | Acolyte |
| 23:35 | Acolyte |
| 23:54 | Meat Wagon |
| 24:17 | Spirit Tower |
| 24:18 | Ziggurat |
| 24:19 | Acolyte |
| 24:19 | Acolyte |
| 24:38 | Necropolis |
| 24:44 | Spirit Tower |
| 24:46 | Improved Creature Carapace |
| 26:21 | Advanced Creature Carapace |
| 26:22 | Advanced Creature Attack |
| 26:45 | Ziggurat |
| 26:46 | Ziggurat |
| 26:47 | Ziggurat |
| 26:49 | Ziggurat |
| 26:50 | Ziggurat |
| 27:48 | Spirit Tower |
| 28:26 | Acolyte |
| 30:33 | Frost Wyrm |
| 30:46 | Frost Nova |
| 31:05 | Acolyte |
| 32:09 | Improved Unholy Strength |
| 32:10 | Unholy Armor |
| 32:35 | Acolyte |
| 33:14 | Frost Wyrm |
| 34:16 | Acolyte |
| 34:37 | Temple of the Damned |
| 34:38 | Temple of the Damned |
| 35:45 | Skeletal Mastery |
| 35:46 | Necromancer Adept Training |
| 35:50 | Exhume Corpses |
| 35:59 | Meat Wagon |
| 35:59 | Meat Wagon |
| 36:03 | Acolyte |
| 36:03 | Acolyte |
| 36:18 | Acolyte |
| 36:56 | Acolyte |
| 36:56 | Acolyte |
| 36:57 | Acolyte |
| 36:57 | Acolyte |
| 37:14 | Necromancer |
| 37:15 | Necromancer |
| 37:15 | Necromancer |
| 37:42 | Unholy Aura |
| 40:33 | Obsidian Statue |
| 40:33 | Obsidian Statue |
| 40:35 | Frost Wyrm |
| 41:02 | Ghoul |
| 41:02 | Ghoul |
| 41:11 | Scroll of Town Portal |
| 41:18 | Orb of Corruption |
| 41:44 | Advanced Unholy Strength |
| 41:45 | Improved Unholy Armor |
| 41:48 | Destroyer Form |
| 41:52 | Potion of Healing |
| 41:58 | Orb of Fire |
| 41:58 | Orb of Fire |
| 42:14 | Frost Armor |
| 42:20 | Acolyte |
| 42:22 | Ghoul |
| 44:10 | Slaughterhouse |
| 44:12 | Slaughterhouse |
| 44:28 | Spirit Tower |
| 44:54 | Acolyte |
| 44:54 | Acolyte |
| 45:17 | Abomination |
| 45:18 | Abomination |
| 46:14 | Disease Cloud |
| 46:18 | Acolyte |
| 46:19 | Acolyte |
| 46:20 | Ziggurat |
| 46:22 | Ziggurat |
| 46:23 | Ziggurat |
| 47:09 | Acolyte |
| 47:09 | Acolyte |
| 47:09 | Acolyte |
| 47:13 | Nerubian Tower |
| 47:20 | Nerubian Tower |
| 47:23 | Acolyte |
| 50:30 | Orb of Fire |
| 50:57 | Periapt of Vitality |
| 50:58 | Circlet of Nobility |
| 51:45 | Meat Wagon |
| 51:46 | Meat Wagon |
| 51:46 | Meat Wagon |
| Right click | 3278 |
| Select | 861 |
| Select group | 657 |
| Misc. action | 280 |
| Build/train/purchase | 189 |
| Chat | 130 |
| Use ability | 127 |
| Assign group | 87 |
| Resource trade | 19 |
| Esc | 13 |
| Item give/drop | 9 |
| Minimap ping | 7 |
โ